 Dungeon Crawl Stone Soup version 0.29-a0-512-gf59ac788ac (webtiles) character file.

Game seed: 4498478565976444129

6757 NateTC the Cleaver (level 11, -1/94 HPs)
             Began as a Hill Orc Fighter on May 29, 2022.
             Was a Believer of Trog.
             Slain by an ufetubus (3 damage)
             ... summoned by a kobold demonologist
             ... on level 9 of the Dungeon.
             The game lasted 00:19:01 (9751 turns).

NateTC the Cleaver (Hill Orc Fighter)               Turns: 9751, Time: 00:19:02

Health: -1/94      AC: -2    Str: 24    XL:     11   Next: 4%
Magic:  11/11      EV:  6    Int:  8    God:    Trog [**....]
Gold:   215        SH: 10    Dex: 10    Spells: 10/10 levels left

rFire   . . .      SeeInvis .   a - +1 war axe (flame)
rCold   . . .      Faith    .   A - +0 kite shield {AC+3}
rNeg    + . .      Spirit   .   m - +1 plate armour
rPois   .          Reflect  .   z - +0 helmet
rElec   .          Harm     .   c - scarf {repulsion}
rCorr   .          Rampage  .   y - +0 pair of gloves
Will    .....                   (no boots)
Stlth   ..........              (no amulet)
HPRegen 0.25/turn               v - ring of positive energy
MPRegen 0.12/turn               u - +4 ring of protection

@: spiked, corroded, repel missiles
A: no striking features
a: Renounce Religion, Berserk, Trog's Hand


You were on level 9 of the Dungeon.
You worshipped Trog.
Trog was pleased with you.
You visited 3 branches of the dungeon, and saw 11 of its levels.
You also visited: Sewer.

You collected 480 gold pieces.
You spent 265 gold pieces at shops.

Inventory:

Hand Weapons
 a - a +1 war axe of flaming (weapon)
Missiles
 j - 3 throwing nets (quivered)
Armour
 c - a scarf of repulsion (worn)
 m - a +1 plate armour (worn)
 y - a +0 pair of gloves (worn)
 z - a +0 helmet (worn)
 A - a +0 kite shield of protection (worn)
Jewellery
 i - an amulet of faith
 o - a ring of protection from cold
 q - a ring of resist corrosion
 u - a +4 ring of protection (right hand)
 v - a ring of positive energy (left hand)
 C - a ring of protection from fire
 F - a ring of fire
Wands
 d - a wand of paralysis (5)
 H - a wand of iceblast (5)
Scrolls
 e - a scroll of enchant weapon
 k - 3 scrolls of teleportation
 D - a scroll of immolation
 E - a scroll of poison
Potions
 b - 5 potions of attraction
 f - a potion of curing
 g - a potion of resistance
 h - a potion of flight
 l - 4 potions of cancellation {unknown}
 n - a potion of invisibility
 p - a potion of ambrosia {unknown}
 r - 4 potions of brilliance {unknown}
 s - a potion of lignification {unknown}
 t - 2 potions of magic {unknown}
 w - 2 potions of haste {unknown}
 x - a potion of mutation {unknown}
 B - a potion of heal wounds {unknown}
 G - a potion of berserk rage {unknown}


   Skills:
 - Level 8.2 Fighting
 - Level 12.6 Axes
 - Level 9.7 Armour
 - Level 10.1 Shields
 * Level 0.0 Evocations


You had 10 spell levels left.
You didn't know any spells.
Your spell library contained the following spells:

 Spells                   Type           Power      Damage    Failure   Level
 Fireball                 Conj/Fire      0%         3d3       100%        5
 Starburst                Conj/Fire      0%         6d3       100%        6
 Ignition                 Fire           0%         3d3       100%        8


Dungeon Overview and Level Annotations

Branches:
Dungeon (9/15)             Temple (1/1) D:5            Lair (1/6) D:8
  Sewer (visited)
    Orc: D:9-12

Altars:
Ashenzari
Dithmenos
Fedhas
Gozag
Hepliaklqana
Kikubaaqudgha
Makhleb
Nemelex Xobeh
Okawaru
Qazlal
Ru
Sif Muna
Trog
Uskayaw
Vehumet
Xom
Yredelemnul
Zin

Shops:
D:2 (   D:5 [   D:7 !


Message History

You block the ufetubus's attack. The ufetubus hits you.
* * * LOW HITPOINT WARNING * * *
The kobold demonologist mumbles some strange words.
The red devil attacks as you move away! You block the red devil's attack.
The red devil hits you from afar with a +0 trident!!
* * * LOW HITPOINT WARNING * * *
Barbed spikes become lodged in your body.
The ufetubus hits you.
* * * LOW HITPOINT WARNING * * *
The ufetubus barely misses you.
The barbs in your skin will harm you if you move.
Continue? [Y]es or [N]o only, please.
The barbs in your skin will harm you if you move.
Continue?
Okay, then.
You feel better. You block the red devil's attack.
The barbs in your skin will harm you if you move.
Continue?
Okay, then.
You feel better.
The sun demon disappears in a puff of smoke!
The ufetubus barely misses you. x2; You block the red devil's attack.
Okay, then.
The barbs in your skin will harm you if you move.
Continue?
The barbed spikes dig painfully into your body as you move.
* * * LOW HITPOINT WARNING * * *
The barbed spikes dig painfully into your body as you move.
* * * LOW HITPOINT WARNING * * *
The kobold demonologist looks satisfied for a moment.
You block the ufetubus's attack. The ufetubus hits you.
* * * LOW HITPOINT WARNING * * *
The barbed spikes dig painfully into your body as you move.
* * * LOW HITPOINT WARNING * * *
The kobold demonologist casts a cantrip, but nothing happens.
There is a stone staircase leading up here.
You feel better. The ufetubus hits you.
* * * LOW HITPOINT WARNING * * *
The ufetubus hits you.
* * * LOW HITPOINT WARNING * * *
The red devil barely misses you. The ufetubus barely misses you.
The ufetubus hits you.
You die...

###..### ..#
#......##
###
........###
####......##
###.....###
###...KK###
###...5.##
###.KK.###
###45@.#
###....#
###....#
##.... ...
#.


You could see a kobold demonologist, a red devil (summoned), a white imp
(summoned), an ufetubus (summoned) and 3 kobolds.

Vanquished Creatures
  2 two-headed ogres (D:7)
  The ghost of IEatYoBabies the Stinger, a novice OpVM of Dithmenos (D:7)
  A cane toad (Lair:1)
  A komodo dragon (Lair:1)
  3 wyverns
  A vampire (D:8)
  Eustachio (D:5)
  A yak (D:8)
  A basilisk (Lair:1)
  2 steam dragons (D:8)
  5 water moccasins
  4 ice beasts
  6 black bears
  An orc warrior (D:7)
  An ogre (D:5)
  A centaur (D:8)
  5 bullfrogs
  A gnoll sergeant (D:5)
  A necrophage (D:7)
  2 scorpions (D:6)
  3 wights
  4 howler monkeys
  2 hounds
  6 jellies
  2 orc priests
  A gnoll shaman (D:8)
  4 orc wizards
  7 gnolls
  10 adders
  A river rat (Sewer)
  2 shadow imps
  3 worms
  3 dart slugs
  16 orcs
  4 bats
  18 endoplasms
  6 giant cockroaches
  9 goblins
  7 hobgoblins
  10 jackals
  5 kobolds
  2 ball pythons
  9 frilled lizards
  17 rats
192 creatures vanquished.

Vanquished Creatures (others)
  31 fungi (D:8)
  35 plants
66 creatures vanquished.

Grand Total: 258 creatures vanquished

Notes
Turn   | Place    | Note
-------+----------+-------------------------------------------
     0 | D:1      | NateTC the Hill Orc Fighter began the quest for the Orb.
     0 | D:1      | Reached XP level 1. HP: 19/19 MP: 1/1
   245 | D:1      | Reached XP level 2. HP: 27/27 MP: 2/2
   426 | D:1      | Noticed an eye of devastation
   433 | D:1      | Found a faded altar of an unknown god.
   441 | D:1      | Noticed a golden eye
   441 | D:1      | Noticed a great orb of eyes
   441 | D:1      | Noticed a floating eye
   569 | D:1      | Reached skill level 5 in Fighting
   569 | D:1      | Reached XP level 3. HP: 31/36 MP: 3/3
  1155 | D:2      | Found Seizyrib's Weapon Emporium.
  1160 | D:2      | Reached XP level 4. HP: 42/44 MP: 4/4
  2020 | D:3      | Found an iron altar of Okawaru.
  2044 | D:3      | Noticed a water moccasin
  2051 | D:3      | Killed a water moccasin
  2052 | D:3      | Reached XP level 5. HP: 41/52 MP: 5/5
  2274 | D:3      | Reached XP level 6. HP: 41/61 MP: 6/6
  2396 | D:3      | Found a radiant altar of Vehumet.
  2472 | D:3      | Found a burning altar of Makhleb.
  2761 | D:4      | Reached skill level 3 in Axes
  3014 | D:4      | Reached skill level 4 in Axes
  3596 | D:5      | Entered Level 5 of the Dungeon
  3598 | D:5      | Noticed Eustachio
  3628 | D:5      | Killed Eustachio
  3629 | D:5      | Reached skill level 6 in Axes
  3629 | D:5      | Reached XP level 7. HP: 42/68 MP: 7/7
  3793 | D:5      | Found a staircase to the Ecumenical Temple.
  3802 | Temple   | Entered the Ecumenical Temple
  4061 | Temple   | Became a worshipper of Trog the Wrathful
  4097 | D:5      | Reached skill level 7 in Axes
  4110 | D:5      | Found a glowing drain.
  4120 | Sewer    | Entered a sewer
  4257 | Sewer    | Found a viscous altar of Jiyva.
  4355 | Sewer    | Reached skill level 8 in Axes
  4485 | D:5      | Reached * piety under Trog
  4499 | D:5      | Reached XP level 8. HP: 51/74 MP: 8/8
  4647 | D:5      | Found Catrusotz's Armour Shop.
  4668 | D:5      | Reached skill level 9 in Axes
  4909 | D:5      | Bought a +0 pair of gloves for 58 gold pieces
  4909 | D:5      | Bought a +0 helmet for 58 gold pieces
  4909 | D:5      | Bought a +0 kite shield of protection for 149 gold pieces
  5207 | D:6      | Reached skill level 10 in Axes
  5548 | D:6      | Found a sparkling altar of Nemelex Xobeh.
  5927 | D:7      | Found a large runed translucent door.
  5927 | D:7      | Found a large runed translucent door.
  5929 | D:7      | Noticed IEatYoBabies's ghost (novice OpVM)
  6002 | D:7      | Noticed a two-headed ogre
  6007 | D:7      | Found Meukocho's Distillery.
  6018 | D:7      | Killed a two-headed ogre
  6019 | D:7      | Reached XP level 9. HP: 19/81 MP: 9/9
  6754 | D:7      | Killed IEatYoBabies's ghost
  7134 | D:8      | Reached skill level 5 in Shields
  7137 | D:8      | Reached XP level 10. HP: 57/88 MP: 10/10
  7138 | D:8      | Reached ** piety under Trog
  7145 | D:8      | Noticed a two-headed ogre
  7305 | D:7      | Killed a two-headed ogre
  8053 | D:8      | Found a staircase to the Lair.
  8288 | D:8      | Found a glowing silver altar of Zin.
  8482 | D:8      | Reached skill level 10 in Shields
  8822 | Lair:1   | Entered Level 1 of the Lair of Beasts
  8941 | Lair:1   | Reached skill level 11 in Axes
  8956 | Lair:1   | Noticed a cane toad
  8981 | Lair:1   | Killed a cane toad
  8984 | Lair:1   | Reached skill level 12 in Axes
  9299 | Lair:1   | Reached XP level 11. HP: 94/94 MP: 11/11
  9723 | D:9      | Noticed a sun demon
  9745 | D:9      | HP: 4/94 [red devil/+0 trident[a kobold demonologist] (23)]
  9750 | D:9      | HP: 3/94 [barbs]
  9751 | D:9      | Slain by an ufetubus

Illustrated notes

Levels and vault maps discovered:
D:1:      dpeg_arrival_renting, layout_basic,
          hellmonk_ecumenical_altar_watching_god, minmay_rat_gold_closets
D:2:      layout_basic, serial_shops, nicolae_shop_crystal
D:3:      layout_rooms, nicolae_vehumet_altar_sigil,
          mainiacjoe_overflow_catch_the_wave
D:4:      layout_basic
D:5:      layout_basic, minmay_temple_entry_mist, portal_sewer_entry_d,
          serial_shops, shop_fountains, uniq_eustachio
D:6:      layout_basic, mainiacjoe_overflow_chevrons,
          kennysheep_cross_bottleneck, chequers_serial_rivers_large_b
D:7:      layout_loops_ring, serial_shops, shop, ebering_ghost_disaster_area
D:8:      layout_rooms, zin_academy, due_lair_maze_entry_diamond,
          nzn_life_drinkers
D:9:      hangedman_cross_stitches, layout_cave_pods, amcnicky_altar_gilded,
          old_standard_altar, nzn_wu_jian_contemplation
Temple:   oiseaux_autumnal_temple
Lair:1:   layout_gridlike

Skill      XL: |  1  2  3  4  5  6  7  8  9 10 |
---------------+-------------------------------+-----
Fighting       | 4 5 7 8 |  8.2
Axes           | 6 8 10 12 | 12.6
Armour         | 7 9 |  9.7
Shields        | 5 10 | 10.1

Action                   |  1- 3 |  4- 6 |  7- 9 | 10-12 || total
-------------------------+-------+-------+-------+-------++-------
Melee: War axe           |   105 |   140 |   153 |   187 ||   585
Invok: Trog's Hand       |       |       |       |     2 ||     2
       Berserk           |       |       |       |     1 ||     1
  Use: Scroll            |     3 |     7 |     6 |     3 ||    19
       Potion            |       |       |     3 |     4 ||     7
Armor: Scale mail        |    38 |    16 |       |       ||    54
       Plate armour      |       |    90 |    94 |   169 ||   353
Dodge: Dodged            |    56 |    50 |    31 |    47 ||   184
Block: Buckler           |    17 |    47 |    21 |       ||    85
       Kite shield       |       |       |    36 |    96 ||   132

Table legend: (Time is in decaauts)
 A = Elapsed time spent in this place.
 B = Non-inter-level travel time spent in this place.
 C = Inter-level travel time spent in this place.
 D = Time resting spent in this place.
 E = Time spent auto-exploring this place.
 F = Levels seen in this place.
 G = Mean time per level.
                   A        B        C        D        E       F      G
               +--------+--------+--------+--------+--------+-----+--------+
         Total |   9969 |   9661 |    308 |   2896 |   4440 |  12 |  830.8 |
       Dungeon |   8574 |   8343 |    231 |   2324 |   4043 |   9 |  952.7 |
        Temple |    282 |    241 |     41 |      0 |    229 |   1 |  282.0 |
          Lair |    816 |    781 |     35 |    572 |     30 |   1 |  816.0 |
         Sewer |    296 |    296 |      0 |      0 |    136 |   1 |  296.0 |
               +--------+--------+--------+--------+--------+-----+--------+

Top non-repeatable levels by time:
     D:7: 2110 daAuts
     D:1: 1015 daAuts
     D:4: 976 daAuts
     D:2: 965 daAuts
     D:6: 916 daAuts
     D:8: 893 daAuts
     D:5: 865 daAuts
  Lair:1: 816 daAuts
     D:3: 730 daAuts
   Sewer: 296 daAuts
  Temple: 282 daAuts
     D:9: 101 daAuts
